 Dungeon Crawl Stone Soup version 0.18.1-48-g4cf74bf (webtiles) character file.

19931 Joat the Fighter (level 12, -3/95 HPs)
             Began as a Demonspawn Ice Elementalist on Aug 24, 2016.
             Killed from afar by an ice dragon (9 damage)
             ... with a blast of cold
             ... in an ice cave.
             The game lasted 02:46:49 (22415 turns).

Joat the Fighter (Demonspawn Ice Elementalist)     Turns: 22415, Time: 02:46:51

Health: -3/95      AC: 18    Str: 10    XL:     12   Next: 40%
Magic:  11/22      EV: 16    Int: 29    God:
Gold:   1284       SH:  5    Dex: 14    Spells: 2 memorised, 20 levels left

rFire  + . .     SeeInvis .     v - +0 rod of shadows (14/14)
rCold  . . .     Gourm    .     M - +1 ring mail "Vubashrog" {rElec rCorr Int+3}
rNeg   . . .     Faith    .     Z - +0 buckler
rPois  .         Spirit   .     k - +2 helmet
rElec  +         Dismiss  .     Y - +0 cloak
rCorr  +         Reflect  .     i - +0 pair of gloves
SustAt .         Harm     .     (boots unavailable)
MR     .....                    (no amulet)
Stlth  +.........               N - +6 ring of protection
                                R - +6 ring of intelligence

@: not resistant to hostile enchantments, very unstealthy
A: talons 3, repulsion field 1, demonic guardian 2, fire resistance 1, flame
cloud immunity
a: no special abilities


You were in an ice cave.
You were not hungry.

You visited 3 branches of the dungeon, and saw 18 of its levels.
You also visited: Labyrinth, Bailey and Ice Cave.

You collected 1284 gold pieces.

Inventory:

Hand Weapons
 w - the +10 hand axe of Theory {chop, Str+4}
   (You found it on level 8 of the Lair of Beasts)

   It inflicts extra damage upon your enemies.
   It affects your strength (+4).
 D - a +5 hand axe of flaming
Missiles
 q - 7 poisoned javelins (quivered)
Armour
 i - a +0 pair of gloves (worn)
 k - a +2 helmet (worn)
 u - a +2 robe of magic resistance
 A - a +0 shield
 M - the +1 ring mail "Vubashrog" (worn) {rElec rCorr Int+3}
   (You found it on level 4 of the Lair of Beasts)

   It affects your intelligence (+3).
   It insulates you from electricity.
   It protects you from acid and corrosion.
 S - the +4 scale mail of the Apprentice {Str+4 Dex+5}
   (You found it on level 3 of the Lair of Beasts)

   It affects your strength (+4).
   It affects your dexterity (+5).
 Y - a +0 cloak (worn)
 Z - a +0 buckler (worn)
Magical Staves
 z - an uncursed staff of summoning
Rods
 v - a +0 rod of shadows (14/14) (in hand)
   (You took it off a minotaur in a labyrinth)
Jewellery
 C - an uncursed ring of wizardry
 N - a +6 ring of protection (right hand)
 R - a +6 ring of intelligence (left hand)
Wands
 J - a wand of teleportation (1/9)
Scrolls
 d - 8 scrolls of fog
 m - 2 scrolls of blinking
 r - 2 scrolls of amnesia
 s - 6 scrolls of remove curse
 x - 4 scrolls of teleportation
 y - 4 scrolls of enchant weapon
 E - a scroll of enchant armour
 H - 2 scrolls of magic mapping
 O - a scroll of brand weapon
Potions
 e - 2 potions of ambrosia
 f - 4 potions of might
 g - 7 potions of flight
 j - a potion of resistance
 l - a potion of haste
 n - 10 potions of curing {unknown}
 o - a potion of agility
 p - 2 potions of mutation
 B - 2 potions of brilliance
 F - a potion of magic
 L - a potion of cure mutation
 X - a potion of invisibility
Books
 b - a book of Frost

   Spells                             Type                      Level
   a - Freeze                         Ice                          1
   b - Throw Frost                    Conjuration/Ice              2
   c - Ozocubu's Armour               Charms/Ice                   3
   d - Throw Icicle                   Conjuration/Ice              4
   e - Summon Ice Beast               Ice/Summoning                4
 h - an Akashic Record

   Spells                             Type                      Level
   a - Dispersal                      Translocation                6
   b - Malign Gateway                 Summoning/Translocation      7
   c - Disjunction                    Translocation                8
   d - Controlled Blink               Translocation                8
 G - a book of the Warp

   Spells                             Type                      Level
   a - Recall                         Summoning/Translocation      3
   b - Gell's Gravitas                Hexes/Translocation          3
   c - Force Lance                    Conjuration/Translocation    4
   d - Warp Weapon                    Charms/Translocation         5
   e - Summon Forest                  Summoning/Translocation      5
 I - a book of Battle

   Spells                             Type                      Level
   a - Infusion                       Charms                       1
   b - Shroud of Golubria             Charms/Translocation         2
   c - Song of Slaying                Charms                       2
   d - Spectral Weapon                Hexes/Charms                 3
   e - Regeneration                   Charms/Necromancy            3
 W - a book of Maledictions

   Spells                             Type                      Level
   a - Corona                         Hexes                        1
   b - Ensorcelled Hibernation        Hexes/Ice                    2
   c - Confuse                        Hexes                        3
   d - Tukima's Dance                 Hexes                        3
   e - Dazzling Spray                 Conjuration/Hexes            3
Miscellaneous
 T - a stone of tremors
Comestibles
 c - 7 bread rations
 t - 20 fruits
 K - 3 beef jerkies
 V - a meat ration


   Skills:
 - Level 9.1 Fighting
 * Level 5.0 Axes
 - Level 1.0 Staves
 * Level 4.7 Armour
 - Level 8.5 Dodging
 - Level 1.7 Stealth
 - Level 4.0 Shields
 + Level 7.2 Spellcasting
   Level 1.0 Conjurations
 + Level 7.8 Summonings
 + Level 7.4 Ice Magic
 - Level 3.2 Evocations


You had 20 spell levels left.
You knew the following spells:

 Your Spells              Type           Power        Failure   Level  Hunger
a - Freeze                Ice            ####         1%          1    None
b - Summon Ice Beast      Ice/Summ       ######..     8%          4    ##.....


Dungeon Overview and Level Annotations

Branches:
Dungeon (9/15)             Temple (1/1) D:7            Lair (8/8) D:9
  Swamp (0/4) Lair:5       Spider (0/4) Lair:3        Slime (0/6) Lair:8
    Orc: D:9-12

Altars:
Ashenzari
Cheibriados
Dithmenos
Elyvilon
Fedhas
Gozag
Kikubaaqudgha
Makhleb
Nemelex Xobeh
Okawaru
Pakellas
Qazlal
Ru
Sif Muna
Trog
Vehumet
Xom
Yredelemnul
Zin
The Shining One


Innate Abilities, Weirdness & Mutations

You have claws for feet.
You are surrounded by a mild repulsion field (EV +2).
A demonic guardian rushes to your aid.
Your flesh is heat resistant.
You are immune to clouds of flame.


Message History

The ice dragon claws your soul eater!
The ice dragon tramples your soul eater but does no damage.
Your ice beast hits the ice dragon but does no damage.
Your soul eater barely misses the ice dragon.
Wield which item (- for none, * to show all)? (? for menu, Esc to quit)
v - a +0 rod of shadows (14/14) (in hand)
The ice dragon bites your soul eater!
The ice dragon closely misses your soul eater.
The ice dragon barely misses your soul eater.
The ice dragon breathes frost at you. The blast of cold hits your ice beast.
Your ice beast completely resists.
The blast of cold hits you!
* * * LOW HITPOINT WARNING * * *
Your soul eater hits the ice dragon!
The ice dragon breathes frost at you. The blast of cold hits your soul eater.
Your soul eater resists.
The blast of cold hits you!
You die...

..## #..#
.## #..##
## ##..##
# ##..###
# ##...#
###.###
#..#.##
##.##..#
#..#Y@.#
##...#.##
#####..#
#.3.#
##DY# ≈≈#
##D# ≈≈#
#..# ###
#≈≈#
.D..#
##.##
≈≈≈#
$....##


You could see 2 ice dragons, a friendly soul eater and 2 friendly ice beasts.

Vanquished Creatures
  An ice statue (IceCv)
  2 blink frogs
  A wyvern (Lair:6)
  3 yaks (Lair:7)
  7 hippogriffs
  3 water moccasins
  2 porcupines
  12 ice beasts
  2 orc warriors
  A phantom (D:6)
  A wasp (D:8)
  A wolf (Lair:7)
  4 ogres
  2 crocodiles (Lair:7)
  2 centaurs (D:7)
  6 giant frogs
  5 scorpions
  2 howler monkeys (D:5)
  The ghost of sdOOK the Magician, a weakling HEWz (D:3)
  A centaur zombie (D:7)
  2 crimson imps
  A giant frog zombie (D:5)
  3 jellies
  2 orc priests
  3 hounds
  3 giant frog skeletons
  Jessica (D:3)
  8 iguanas
  3 worker ants
  Ijyb (D:2)
  Natasha (twice) (D:3)
  7 orc wizards
  A hell rat (Lair:3)
  5 sheep (Lair:4)
  2 worker ant zombies
  8 gnolls
  14 adders
  25 river rats
  2 shadow imps
  An adder zombie (D:9)
  3 worms (D:3)
  2 dart slugs
  6 giant geckos
  20 orcs
  5 bats
  8 giant cockroaches
  7 goblins
  6 hobgoblins
  17 jackals
  2 quokkas
  3 giant newts
  13 kobolds
  A quokka skeleton (D:7)
  A quokka zombie (D:5)
  5 rats
  A butterfly (Lair:6)
  2 fungi (Lair:4)
255 creatures vanquished.

Vanquished Creatures (collateral kills)
  Maud (Lair:5)
  Erolcha (D:9)
  A minotaur (Lab)
  Fannar (Lair:3)
  3 hydras
  A hill giant (D:8)
  A lindwurm (Lair:7)
  A griffon (Lair:5)
  Maurice (D:9)
  Joseph (D:7)
  A black mamba (Lair:5)
  An ice statue (IceCv)
  6 spiny frogs
  2 rime drakes
  A demonic crawler (Lair:3)
  6 komodo dragons
  2 polar bears
  5 blink frogs
  A two-headed ogre (D:9)
  Sigmund (D:6)
  23 yaks
  A hungry ghost (D:8)
  3 basilisks
  4 hippogriffs
  7 water moccasins
  A swamp drake (Lair:2)
  12 ice beasts
  9 porcupines
  A sky beast (D:7)
  A phantom (D:8)
  A black bear (Lair:2)
  2 ogres (D:8)
  4 orc warriors
  12 wolves
  7 crocodiles
  A big kobold (D:9)
  7 giant frogs
  2 scorpions
  3 howler monkeys (D:8)
  2 crimson imps
  A quasit (D:9)
  A jelly (D:6)
  3 orc wizards
  An orc priest (D:9)
  A hell rat (Lair:3)
  2 iguanas
  A worker ant (Lair:3)
  Natasha (D:3)
  A hound skeleton (D:8)
  5 gnolls (Bailey)
  32 river rats
  3 worms (Lair:3)
  4 orcs
  7 goblins (Bailey)
  4 hobgoblins (Bailey)
  A giant newt (D:4)
  A butterfly (Lair:7)
210 creatures vanquished.

Vanquished Creatures (others)
  A human (D:3)
  A quokka (D:3)
  2 fungi
4 creatures vanquished.

Grand Total: 469 creatures vanquished

Notes
Turn   | Place    | Note
--------------------------------------------------------------
     0 | D:1      | Joat the Demonspawn Ice Elementalist began the quest for the Orb.
     0 | D:1      | Reached XP level 1. HP: 13/13 MP: 3/3
   610 | D:1      | Gained mutation: A weak demonic guardian rushes to your aid. [demonic ancestry]
   610 | D:1      | Reached XP level 2. HP: 20/20 MP: 1/5
  1276 | D:2      | Reached skill level 1 in Fighting
  1406 | D:2      | Gained mutation: You have sharp toenails. [demonic ancestry]
  1406 | D:2      | Reached XP level 3. HP: 21/26 MP: 1/6
  1989 | D:2      | Gained mutation: You have razor-sharp toenails. [demonic ancestry]
  1989 | D:2      | Reached XP level 4. HP: 32/32 MP: 3/8
  2275 | D:2      | Noticed Ijyb
  2282 | D:2      | Killed Ijyb
  2496 | D:2      | Noticed an orc warrior
  2704 | D:3      | Reached skill level 2 in Fighting
  2775 | D:3      | Found a white marble altar of Elyvilon.
  2828 | D:3      | Noticed Natasha
  2833 | D:3      | Killed Natasha
  2833 | D:3      | Reached XP level 5. HP: 20/38 MP: 4/9
  2897 | D:3      | Noticed Natasha
  2904 | D:3      | Killed Natasha
  2916 | D:3      | Noticed Natasha
  2922 | D:3      | Killed Natasha
  3129 | D:3      | Noticed sdOOK's ghost (weakling HEWz)
  3171 | D:3      | Killed sdOOK's ghost
  3413 | D:3      | Found an ancient bone altar of Kikubaaqudgha.
  3414 | D:3      | Noticed a human
  3418 | D:3      | Killed a human
  3474 | D:3      | Gained mutation: Your flesh is heat resistant. [demonic ancestry]
  3474 | D:3      | Reached XP level 6. HP: 45/46 MP: 2/10
  3488 | D:3      | Learned a level 4 spell: Summon Ice Beast
  3728 | D:3      | Noticed Jessica
  3734 | D:3      | Killed Jessica
  4094 | D:4      | Reached skill level 3 in Fighting
  4649 | D:5      | Entered Level 5 of the Dungeon
  4692 | D:5      | Gained mutation: You have claws for feet. [demonic ancestry]
  4692 | D:5      | Reached XP level 7. HP: 40/52 MP: 7/12
  5626 | D:5      | Reached skill level 4 in Fighting
  6188 | D:6      | Reached XP level 8. HP: 21/61 MP: 10/14
  6404 | D:6      | Found an oddly glowing altar of Pakellas.
  6409 | D:6      | Reached skill level 5 in Ice Magic
  6420 | D:6      | Found a glowing golden altar of the Shining One.
  6420 | D:6      | Noticed Sigmund
  6430 | D:6      | Killed Sigmund
  6445 | D:6      | Found a blossoming altar of Fedhas.
  6448 | D:6      | Found a stormy altar of Qazlal.
  6502 | D:6      | Reached skill level 5 in Dodging
  6993 | D:2      | Reached skill level 5 in Fighting
  7193 | D:6      | Reached skill level 5 in Spellcasting
  7295 | D:6      | Found a radiant altar of Vehumet.
  7512 | D:6      | Reached skill level 1 in Summonings
  7541 | D:6      | Found a deep blue altar of Sif Muna.
  8227 | D:7      | Gained mutation: You are surrounded by a mild repulsion field (EV +2). [demonic ancestry]
  8227 | D:7      | Reached XP level 9. HP: 68/68 MP: 17/17
  8258 | D:7      | Noticed Joseph
  8465 | D:7      | HP: 2/69 [Joseph/sling bullet (5)]
  8466 | D:8      | Noticed a hill giant
  8508 | D:9      | Found a staircase to the Lair.
  8558 | D:9      | HP: 2/69 [hippogriff (2)]
  8562 | D:9      | Reached skill level 6 in Fighting
  9084 | D:8      | Found a shattered altar of Ashenzari.
  9178 | D:8      | Found a flagged portal.
  9192 | Bailey   | Entered a bailey
  9246 | Bailey   | Noticed an orc warlord
  9246 | Bailey   | Noticed an orc knight
  9600 | D:8      | Killed a hill giant
  9806 | D:8      | Reached skill level 7 in Fighting
 10013 | D:8      | Reached skill level 5 in Summonings
 10209 | D:7      | Killed Joseph
 10460 | D:7      | Found a staircase to the Ecumenical Temple.
 10469 | Temple   | Entered the Ecumenical Temple
 11076 | D:8      | Gained mutation: A demonic guardian rushes to your aid. [demonic ancestry]
 11076 | D:8      | Reached XP level 10. HP: 79/79 MP: 18/18
 11354 | D:9      | Noticed Maurice
 11362 | D:9      | Killed Maurice
 11573 | D:9      | Noticed Erolcha
 11590 | D:9      | Killed Erolcha
 11590 | D:9      | Reached skill level 8 in Fighting
 12259 | Lair:1   | Entered Level 1 of the Lair of Beasts
 12330 | Lair:1   | Found a labyrinth entrance.
 12338 | Lab      | Entered a labyrinth
 12521 | Lab      | Noticed a minotaur
 12529 | Lab      | Killed a minotaur
 12529 | Lab      | Reached skill level 1 in Axes
 12538 | Lab      | Got a jewelled morningstar
 12539 | Lab      | Identified the +1 morningstar "Fuuruofe" {venom, Str+4} (You found it in a labyrinth)
 12541 | Lab      | Identified a +0 rod of shadows (4/14) (You took it off a minotaur in a labyrinth)
 12918 | Lair:1   | Reached skill level 1 in Staves
 12934 | Lair:1   | Reached skill level 1 in Evocations
 12990 | Lair:1   | Noticed a spiny frog
 12994 | Lair:1   | Killed a spiny frog
 14018 | Lair:2   | Gained mutation: You are immune to clouds of flame. [demonic ancestry]
 14018 | Lair:2   | Reached XP level 11. HP: 58/87 MP: 20/20
 15288 | Lair:3   | Got a spiked scale mail
 15299 | Lair:3   | Identified the +4 scale mail of the Apprentice {Str+4 Dex+5} (You found it on level 3 of the Lair of Beasts)
 15448 | Lair:3   | Noticed a seven-headed hydra
 15457 | Lair:3   | Killed a seven-headed hydra
 15478 | Lair:3   | Noticed Fannar
 15612 | Lair:3   | Found a hole to the Spider Nest.
 15623 | Lair:3   | Reached skill level 1 in Armour
 15630 | Lair:3   | Reached skill level 1 in Shields
 15654 | Lair:3   | Killed Fannar
 16539 | Lair:4   | Got an ichor-stained scale mail
 16569 | Lair:4   | Identified the cursed +0 scale mail of Grace {Int+2} (You found it on level 4 of the Lair of Beasts)
 16801 | Lair:4   | Got a fine ring mail
 16812 | Lair:4   | Identified the +1 ring mail "Vubashrog" {rElec rCorr Int+3} (You found it on level 4 of the Lair of Beasts)
 17840 | Lair:5   | Noticed a griffon
 17847 | Lair:5   | Killed a griffon
 18118 | Lair:5   | Found a staircase to the Swamp.
 19068 | Lair:6   | Noticed an eight-headed hydra
 19075 | Lair:6   | Killed an eight-headed hydra
 19075 | Lair:6   | Reached skill level 9 in Fighting
 19122 | Lair:6   | Noticed Maud
 19183 | Lair:5   | Killed Maud
 19511 | Lair:6   | Noticed an eight-headed hydra
 19520 | Lair:6   | Killed an eight-headed hydra
 19924 | Lair:7   | Reached XP level 12. HP: 95/95 MP: 11/22
 20980 | Lair:8   | Entered Level 8 of the Lair of Beasts
 21040 | Lair:8   | Found a frozen archway.
 21065 | Lair:8   | Got a translucent hand axe
 21072 | IceCv    | Entered an ice cave
 21144 | IceCv    | Identified the +10 hand axe of Theory {chop, Str+4} (You found it on level 8 of the Lair of Beasts)
 22218 | IceCv    | Reached skill level 5 in Axes
 22406 | IceCv    | Noticed an ice dragon
 22406 | IceCv    | Noticed an ice dragon
 22415 | IceCv    | Killed from afar by an ice dragon

Skill      XL: |  1  2  3  4  5  6  7  8  9 10 11 12 |
---------------+-------------------------------------+-----
Dodging        | 2 3 4 5 7 8 |  8.5
Fighting       | 1 2 3 4 5 7 8 9 |  9.1
Ice Magic      | 3 4 5 6 7 |  7.4
Spellcasting   | 3 4 5 6 7 |  7.2
Summonings     | 2 5 6 7 |  7.8
Axes           | 1 4 5 |  5.0
Staves         | 1 |  1.0
Evocations     | 1 3 |  3.2
Armour         | 3 4 |  4.7
Shields        | 3 4 |  4.0
Stealth        | |  1.7
Conjurations   | |  1.0

Action                   |  1- 3 |  4- 6 |  7- 9 | 10-12 || total
-------------------------+-------+-------+-------+-------++-------
Melee: Unarmed           |     5 |       |       |       ||     5
       Short sword       |    16 |    19 |   189 |       ||   224
       Kick              |     1 |     3 |    58 |   104 ||   166
       War axe           |       |       |     2 |    27 ||    29
       Hand axe          |       |       |       |   375 ||   375
       Staff             |       |       |       |    11 ||    11
 Cast: Freeze            |    47 |   126 |   235 |    34 ||   442
       Summon Ice Beast  |       |       |    29 |   195 ||   224
Evoke: Rod               |       |       |       |    15 ||    15
  Use: Scroll            |     3 |     8 |    12 |    17 ||    40
       Potion            |       |       |     2 |     1 ||     3
 Stab: Sleeping          |     4 |     7 |     7 |     3 ||    21
       Distracted        |       |       |     2 |     6 ||     8
  Eat: Chunk             |     4 |     8 |    13 |    41 ||    66
       Meat ration       |       |       |     2 |     3 ||     5
       Beef jerky        |       |       |     1 |     1 ||     2
       Bread ration      |       |       |       |     1 ||     1
       Pizza             |       |       |       |     2 ||     2
       Fruit             |       |       |       |     1 ||     1
Armor: Robe              |    14 |    23 |    72 |    33 ||   142
       Skin              |       |       |    13 |       ||    13
       Ring mail         |       |       |       |   120 ||   120
       Scale mail        |       |       |       |     9 ||     9
Dodge: Dodged            |    29 |    84 |   310 |   446 ||   869
Block: Buckler           |       |       |       |    16 ||    16
